 Dungeon Crawl Stone Soup version 0.25-a0-424-g80bd347ae0 (webtiles) character file.

Game seed: 5462721665463324793, levelgen mode: deterministic

4271 Kohma the Magician (level 10, -1/81 HPs)
             Began as a Grey Draconian Conjurer on Jan 21, 2020.
             Was an Elder of Kikubaaqudgha.
             Slain by a worker ant (5 damage)
             ... on level 9 of the Dungeon.
             The game lasted 00:43:46 (11233 turns).

Kohma the Magician (Grey Draconian Conjurer)       Turns: 11233, Time: 00:43:47

Health: -1/81      AC:  5    Str: 10    XL:     10   Next: 10%
Magic:  10/19      EV: 15    Int: 21    God:    Kikubaaqudgha [****..]
Gold:   148        SH:  0    Dex: 16    Spells: 5/21 levels left

rFire    + . .     SeeInvis .   a - +7 scimitar of Chaos {holy, rF+ rC+ Dex+3}
rCold    + . .     Gourm    .   (no shield)
rNeg     . . .     Faith    .   (armour unavailable)
rPois    .         Spirit   .   q - +2 hat
rElec    .         Reflect  .   D - +2 cloak
rCorr    .         Harm     .   (no gloves)
MR       .....                  (no boots)
Stlth    ++........             (no amulet)
HPRegen  0.23/turn              o - +3 ring of intelligence
MPRegen  0.16/turn              p - ring of wizardry

@: lethally poisoned (-1 -> -19), radiating poison, corroded, berserk cooldown,
slowed, very slow
A: walk through water, unfitting armour, unbreathing, cold-blooded, AC +12
a: Receive Corpses, Renounce Religion


You were on level 9 of the Dungeon.
You worshipped Kikubaaqudgha.
Kikubaaqudgha was greatly pleased with you.
You were very hungry.

You visited 2 branches of the dungeon, and saw 10 of its levels.

You collected 365 gold pieces.
You spent 217 gold pieces at shops.

Inventory:

Hand Weapons
 a - the +7 scimitar of Chaos (weapon) {holy, rF+ rC+ Dex+3}
   (You found it on level 7 of the Dungeon)

   It has been blessed by the Shining One to cause great damage to the undead
   and demons.
   It affects your dexterity (+3).
   It protects you from fire.
   It protects you from cold.
Missiles
 m - 12 poisoned darts (quivered)
 n - 34 arrows
Armour
 q - a +2 hat (worn)
 D - a +2 cloak (worn)
Jewellery
 g - an uncursed ring of fire {unknown}
 o - a +3 ring of intelligence (left hand)
 p - a ring of wizardry (right hand)
 y - an uncursed ring of flight
Wands
 w - a wand of paralysis (4)
Scrolls
 h - a scroll of enchant weapon
 l - a scroll of fog
 s - a scroll of amnesia
 z - a scroll of teleportation
 C - 2 scrolls of magic mapping
 F - 4 scrolls of enchant armour
 G - a scroll of remove curse
Potions
 c - 2 potions of might
 d - a potion of berserk rage
 e - 3 potions of curing
 f - 2 potions of invisibility
 i - a potion of flight
 k - 2 potions of brilliance
 r - a potion of mutation
 x - 2 potions of haste
 A - 2 potions of lignification
 B - a potion of magic
Comestibles
 b - 22 rations


   Skills:
 - Level 5.1 Fighting
 - Level 5.1 Dodging
 - Level 2.0 Stealth
 + Level 6.2 Spellcasting
 - Level 6.0 Conjurations
   Level 3.0 Hexes
 + Level 5.9 Necromancy
 - Level 3.0 Air Magic
 * Level 5.8 Poison Magic


You had 5 spell levels left.
You knew the following spells:

 Your Spells              Type           Power        Failure   Level  Hunger
a - Magic Dart            Conj           ####         1%          1    None
b - Searing Ray           Conj           ####..       1%          2    None
c - Olgreb's Toxic Radia  Pois           ####....     3%          4    ###....
d - Dispel Undead         Necr           ####....     3%          4    ###....
f - Poisonous Vapours     Pois/Air       ####..       1%          2    None
g - Mephitic Cloud        Conj/Pois/Air  ####....     1%          3    #......

Your spell library contained the following spells:

 Spells                   Type           Power        Failure   Level  Hunger
 Animate Skeleton         Necr           N/A          1%          1    None
 Pain                     Necr           ####         1%          1    None
 Sting                    Tmut/Pois      ###.         1%          1    None
 Sublimation of Blood     Necr           ####......   1%          2    None
 Dazzling Flash           Conj/Hex       ####..       1%          3    #......
 Vampiric Draining        Necr           ####......   1%          3    #......
 Summon Small Mammal      Summ           #...         4%          1    None
 Ignite Poison            Fire/Tmut/Pois ##......     5%          3    #......
 Call Imp                 Summ           #.......     6%          2    None
 Summon Guardian Golem    Hex/Summ       ##......     6%          3    #......
 Fulminant Prism          Conj/Hex       ####......   6%          4    ###....
 Call Canine Familiar     Summ           #.......     12%         3    #......
 Iskenderun's Mystic Bla  Conj/Tloc      ###.....     12%         4    ###....
 Summon Lightning Spire   Summ/Air       ##......     21%         4    ###....
 Borgnjor's Vile Clutch   Necr/Erth      ###.......   30%         5    #####..
 Excruciating Wounds      Chrm/Necr      ###.......   30%         5    #####..
 Iskenderun's Battlesphe  Conj/Chrm      ###.....     30%         5    #####..
 Summon Ice Beast         Ice/Summ       #.......     34%         4    ###....
 Bolt of Magma            Conj/Fire/Erth ##........   41%         5    #####..
 Death Channel            Necr           ####......   43%         6    ######.
 Iron Shot                Conj/Erth      ###.......   83%         6    ######.
 Simulacrum               Ice/Necr       ###.......   83%         6    ######.
 Orb of Destruction       Conj           ####......   93%         7    #######
 Spellforged Servitor     Conj/Summ      ###.......   100%        7    #######


Dungeon Overview and Level Annotations

Branches:
Dungeon (9/15)             Temple (1/1) D:5
   Lair: D:8-11         Orc: D:9-12

Altars:
Cheibriados
Dithmenos
Elyvilon
Fedhas
Gozag
Hepliaklqana
Kikubaaqudgha
Makhleb
Nemelex Xobeh
Okawaru
Qazlal
Sif Muna
Trog
Uskayaw
Vehumet
Wu Jian
Xom
Yredelemnul
Zin
The Shining One

Shops:
D:6 *   D:7 *

Annotations:
D:4 2 transporters, PeterQ's ghost, amateur VSGl


Innate Abilities, Weirdness & Mutations

You can walk through water.
Your dull iron-grey scales are very hard. (AC +12)
You cannot fit into any form of body armour.
You can survive without breathing.
You are cold-blooded and may be slowed by cold attacks.


Message History

The killer bee buzzes angrily.
The killer bee is poisoned.
The killer bee buzzes angrily.
The killer bee is poisoned. x2
The adder hisses angrily.
The adder is poisoned.
The worker ant is poisoned.
You are feeling very hungry.
The killer bee looks even sicker. x4; The adder looks even sicker.
The worker ant looks even sicker.
* * * LOW HITPOINT WARNING * * *
You feel sick. The killer bee misses you.
You riposte.
You completely miss the killer bee.
Your tail-slap misses the killer bee.
The killer bee is severely wounded.
The killer bee stings you but does no damage.
The worker ant completely misses you. The killer bee stings you.
* * * LOW HITPOINT WARNING * * *
You are more poisoned.
The killer bee poisons you! The worker ant bites you.
You die...
Kikubaaqudgha rasps: "You have failed me!
Welcome... death!"

.............#
.............#
..$..........#
.............#
.......y...S.#
......y......#
........y.y..#
........y.a..#
..........y@.#
############.#
..........#
..........#
..........#
..........#
..........#
.......<..#
..........#


You could see a worker ant, 6 killer bees and an adder.

Vanquished Creatures
  A hornet (D:8)
  3 hippogriffs (D:8)
  Grinder (D:6)
  A spriggan (D:7)
  A hungry ghost (D:8)
  Menkaure (D:4)
  Edmund (D:4)
  An acid dragon (D:9)
  Duvessa (D:4)
  2 orc warriors
  2 ice beasts
  2 phantoms
  2 black bears (D:8)
  A necrophage (D:6)
  An ogre (D:8)
  A centaur (D:8)
  A big kobold (D:8)
  3 bullfrogs
  2 scorpions (D:8)
  Dowan (D:4)
  4 crimson imps
  2 centaur zombies
  A bullfrog zombie (D:7)
  6 orc priests
  4 hounds
  6 orc wizards
  Terence (D:2)
  An iguana (D:4)
  A worker ant (D:4)
  A killer bee zombie (D:5)
  12 gnolls
  A worker ant zombie (D:5)
  14 adders
  2 oozes
  An adder zombie (D:7)
  An adder skeleton (D:6)
  A worm (D:3)
  11 dart slugs
  A leopard gecko (D:3)
  26 orcs
  8 giant cockroaches
  22 goblins
  16 hobgoblins
  13 jackals
  3 quokkas
  A ball python (D:3)
  3 bats (D:1)
  3 frilled lizards
  13 kobolds
  14 rats
  A rat zombie (D:2)
223 creatures vanquished.

Vanquished Creatures (others)
  3 fulminant prisms (D:6)
3 creatures vanquished.

Grand Total: 226 creatures vanquished

Notes
Turn   | Place    | Note
-------+----------+-------------------------------------------
     0 | D:1      | Kohma the Draconian Conjurer began the quest for the Orb.
     0 | D:1      | Reached XP level 1. HP: 14/14 MP: 3/3
   368 | D:1      | Reached XP level 2. HP: 20/20 MP: 0/5
   372 | D:1      | Learned a level 2 spell: Searing Ray
   793 | D:1      | Reached XP level 3. HP: 26/26 MP: 2/6
  1699 | D:2      | Reached XP level 4. HP: 33/33 MP: 3/8
  2118 | D:2      | Noticed Terence
  2124 | D:2      | Killed Terence
  2124 | D:2      | Reached skill level 5 in Conjurations
  2264 | D:2      | Found an ancient bone altar of Kikubaaqudgha.
  2274 | D:2      | Became a worshipper of Kikubaaqudgha
  2401 | D:2      | Found a shimmering altar of Xom.
  2401 | D:2      | Found a shimmering altar of Xom.
  2401 | D:2      | Found a shimmering altar of Xom.
  2403 | D:2      | Found a shimmering altar of Xom.
  2403 | D:2      | Found a shimmering altar of Xom.
  2912 | D:3      | Reached XP level 5. HP: 38/38 MP: 4/10
  3226 | D:3      | Learned a level 4 spell: Fulminant Prism
  3318 | D:3      | Reached skill level 1 in Necromancy
  3575 | D:3      | Found an opulent altar of Gozag.
  3666 | D:3      | Found a snail-covered altar of Cheibriados.
  3847 | D:4      | Found a transporter.
  3851 | D:4      | Found a transporter.
  3851 | D:4      | Noticed PeterQ's ghost (amateur VSGl)
  3853 | D:4      | Found a glowing golden altar of the Shining One.
  3916 | D:4      | Noticed a phantom
  3933 | D:4      | Killed a phantom
  3933 | D:4      | Reached skill level 1 in Hexes
  3933 | D:4      | Reached XP level 6. HP: 29/45 MP: 5/12
  4041 | D:4      | Reached * piety under Kikubaaqudgha
  4041 | D:4      | Identified Kikubaaqudgha's Incunabulum of Necromancy
                  | (Kikubaaqudgha gifted it to you on level 4 of the Dungeon)
  4041 | D:4      | Received a gift from Kikubaaqudgha
  4046 | D:4      | Learned a level 2 spell: Sublimation of Blood
  4233 | D:4      | Noticed Duvessa
  4241 | D:4      | Noticed Dowan
  4250 | D:4      | Killed Dowan
  4253 | D:4      | Killed Duvessa
  4253 | D:4      | Your scales start taking on a dull iron-grey colour.
  4253 | D:4      | Reached XP level 7. HP: 22/50 MP: 0/13
  4253 | D:4      | Gained mutation: You can survive without breathing. [Grey
                  | Draconian growth]
  4768 | D:4      | Noticed Edmund
  4784 | D:4      | Killed Edmund
  4784 | D:4      | Reached skill level 5 in Spellcasting
  5076 | D:4      | Found a burning altar of Makhleb.
  5151 | D:4      | Noticed Menkaure
  5157 | D:4      | Killed Menkaure
  5470 | D:5      | Entered Level 5 of the Dungeon
  5476 | D:5      | Learned a level 3 spell: Vampiric Draining
  5701 | D:5      | Reached ** piety under Kikubaaqudgha
  5724 | D:5      | Reached skill level 5 in Necromancy
  5964 | D:5      | Found a staircase to the Ecumenical Temple.
  5969 | D:5      | Reached skill level 1 in Fighting
  5977 | Temple   | Entered the Ecumenical Temple
  6068 | D:5      | Found a shimmering altar of Xom.
  6234 | D:5      | Reached XP level 8. HP: 59/59 MP: 4/15
  6976 | D:6      | Noticed Grinder
  6989 | D:6      | Paralysed by Grinder for 6 turns
  6997 | D:6      | Killed Grinder
  8460 | D:6      | Found Foneoq's General Store.
  8667 | D:6      | Learned a level 2 spell: Poisonous Vapours
  8671 | D:6      | Learned a level 3 spell: Mephitic Cloud
  8720 | D:7      | Found Cuwnoficw's Assorted Antiques.
  8755 | D:7      | Got a brightly glowing scimitar
  8756 | D:7      | Identified the +7 scimitar of Chaos {holy, rF+ rC+ Dex+3}
                  | (You found it on level 7 of the Dungeon)
  8863 | D:7      | Bought a scroll of remove curse for 93 gold pieces
  8863 | D:7      | Bought a scroll of remove curse for 93 gold pieces
  8863 | D:7      | Bought a scroll labeled MYCHULL IRHI for 31 gold pieces
  8903 | D:7      | Reached skill level 5 in Fighting
  8903 | D:7      | Reached skill level 1 in Poison Magic
  8903 | D:7      | Reached XP level 9. HP: 53/74 MP: 13/16
  9128 | D:7      | Found a hide-covered altar of Uskayaw.
  9192 | D:7      | Reached *** piety under Kikubaaqudgha
  9192 | D:7      | Identified Kikubaaqudgha's Handbook of Darkness
                  | (Kikubaaqudgha gifted it to you on level 7 of the Dungeon)
  9192 | D:7      | Received a gift from Kikubaaqudgha
  9192 | D:7      | Reached skill level 5 in Dodging
  9192 | D:7      | Reached skill level 1 in Air Magic
  9204 | D:7      | Learned a level 4 spell: Olgreb's Toxic Radiance
  9294 | D:7      | Found a shadowy altar of Dithmenos.
  9297 | D:7      | Found a shimmering blue altar of Sif Muna.
  9731 | D:8      | Found an iron altar of Okawaru.
  9842 | D:8      | Learned a level 4 spell: Dispel Undead
 10232 | D:8      | Reached skill level 5 in Poison Magic
 10384 | D:8      | Reached **** piety under Kikubaaqudgha
 10650 | D:8      | Reached XP level 10. HP: 74/81 MP: 16/19
 11233 | D:9      | HP: 4/81 [killer bee (3)]
 11233 | D:9      | Slain by a worker ant

Levels and vault maps discovered:
D:1:      minmay_arrival_doors, layout_rooms
D:2:      layout_basic, lemuel_zombie_altar_kikubaaqudgha, xom_redecorated,
          uniq_terence
D:3:      corexii_shack_village, layout_rooms, nicolae_gozag_seed_capital,
          lemuel_coloured_pillars_altar, minmay_misc_feat_chi,
          grunt_ministairs_1
D:4:      cheibrodos_greedy_goblins, layout_basic, lemuel_crystal_altar,
          marbit_many_paths, gammafunk_ghost_arena, first_ration, uniq_edmund,
          uniq_duvessa, uniq_menkaure
D:5:      kennysheep_slugbush, layout_loops_corners, kennysheep_mini,
          minmay_temple_entry_proselytizer, kennysheep_generic_room_8
D:6:      layout_gridville, serial_shops, kennysheep_little_box, uniq_grinder
D:7:      layout_rooms, nicolae_overflow_hidden_temple, serial_shops,
          nicolae_shop_overgrown_old_shop, the_bakery
D:8:      layout_cave_pods, okawaru_metal_pillars_3
D:9:      layout_long_grid, nicolae_ashenzari_panopticon, old_standard_altar,
          serial_shops, shop_fountains, hangedman_feature_mirror
Temple:   zaba_magenta_temple

Skill      XL: |  1  2  3  4  5  6  7  8  9 |
---------------+----------------------------+-----
Dodging        | 2 4 5 |  5.1
Stealth        | 2 |  2.0
Spellcasting   | 3 4 5 6 |  6.2
Conjurations   | 5 6 |  6.0
Necromancy     | 1 2 5 |  5.9
Hexes          | 1 3 |  3.0
Fighting       | 1 5 |  5.1
Poison Magic   | 1 5 |  5.8
Air Magic      | 3 |  3.0

Action                   |  1- 3 |  4- 6 |  7- 9 | 10-12 || total
-------------------------+-------+-------+-------+-------++-------
Melee: Unarmed           |     5 |       |       |       ||     5
       Short sword       |    40 |     5 |       |       ||    45
       Tailslap          |     7 |     5 |    17 |     1 ||    30
       Hand axe          |       |    62 |    75 |       ||   137
       Scimitar          |       |       |    71 |    11 ||    82
 Cast: Magic Dart        |    61 |    83 |   161 |    15 ||   320
       Searing Ray       |       |     5 |    18 |       ||    23
       Sublimation of Bl |       |       |     1 |       ||     1
       Poisonous Vapours |       |       |    38 |     5 ||    43
       Fulminant Prism   |       |       |     3 |       ||     3
       Mephitic Cloud    |       |       |     4 |       ||     4
       Olgreb's Toxic Ra |       |       |     3 |     2 ||     5
  Use: Scroll            |       |    10 |    20 |       ||    30
       Potion            |       |       |       |     2 ||     2
 Stab: Sleeping          |       |     2 |     2 |       ||     4
  Eat: Chunk             |     3 |     8 |    16 |     1 ||    28
       Ration            |       |       |     2 |       ||     2
Armor: Skin              |    26 |    17 |   118 |     7 ||   168
Dodge: Dodged            |    32 |    55 |   185 |    13 ||   285
       Rpst.: Scimitar   |       |       |    11 |     3 ||    14

Table legend:
 A = Non-vault XP
 B = Vault XP
 C = Vault XP percentage of total XP
 D = Non-vault monster count
 E = Vault monster count
 F = Vault count percentage of total count
                 A         B        C        D         E       F
            +---------+---------+-------+---------+---------+-------
      Total |    4896 |    1206 |  19.8 |     186 |      37 |  16.6
            +---------+---------+-------+---------+---------+-------
        D:1 |      55 |       0 |   0.0 |      31 |       0 |   0.0
        D:2 |      91 |      37 |  28.9 |      27 |       2 |   6.9
        D:3 |      77 |      17 |  18.1 |      16 |       9 |  36.0
        D:4 |     330 |     562 |  63.0 |      15 |      13 |  46.4
        D:5 |     468 |     117 |  20.0 |      17 |      11 |  39.3
        D:6 |     483 |     258 |  34.8 |      18 |       1 |   5.3
        D:7 |     498 |     215 |  30.2 |      20 |       1 |   4.8
        D:8 |    2741 |       0 |   0.0 |      41 |       0 |   0.0
        D:9 |     153 |       0 |   0.0 |       1 |       0 |   0.0
            +---------+---------+-------+---------+---------+-------
